 Dungeon Crawl Stone Soup version 0.21.1-1-g345015f (webtiles) character file.

12297 Ratmanking the Covert (level 11, -15/102 HPs)
             Began as a Naga Wizard on June 14, 2018.
             Was an Elder of Cheibriados.
             Demolished by a komodo dragon (19 damage)
             ... on level 1 of the Lair of Beasts.
             The game lasted 01:19:23 (15074 turns).

Ratmanking the Covert (Naga Wizard)                Turns: 15074, Time: 01:19:24

Health: -15/102    AC: 13    Str: 29    XL:     11   Next: 91%
Magic:  13/23      EV: 12    Int: 29    God:    Cheibriados [****..]
Gold:   411        SH:  0    Dex: 24    Spells: 12/27 levels left

rFire    + . .     SeeInvis +   h - +0 scythe
rCold    + . .     Gourm    .   (shield currently unavailable)
rNeg     . . .     Faith    .   Y - +3 leather armour "Rycuec" {MR+}
rPois    +         Spirit   .   D - +1 helmet of the Hippo {Str+8}
rElec    .         Reflect  .   N - +0 cloak {+Inv}
rCorr    .         Harm     .   v - +1 pair of gloves {Dex+3}
MR       ++...                  (no barding)
Stlth    ++++......             (no amulet)
HPRegen  0.27/turn              y - ring of protection from cold
MPRegen  0.18/turn              z - ring of protection from fire

@: very slow
A: large, see invisible, deformed body, poison resistance, slowness 2, slow
metabolism 1, spit poison 1, AC +3
a: Spit Poison, Bend Time, Temporal Distortion, Slouch, Renounce Religion, Evoke
Invisibility


You were on level 1 of the Lair of Beasts.
You worshipped Cheibriados.
Cheibriados was greatly pleased with you.
You were hungry.

You visited 3 branches of the dungeon, and saw 14 of its levels.
You also visited: Labyrinth.

You collected 649 gold pieces.
You spent 238 gold pieces at shops.

Inventory:

Hand Weapons
 h - a +0 scythe (weapon)
 m - a cursed +3 dagger
 C - a +3 trident of flaming
 I - a +1 vampiric halberd
Armour
 v - a +1 pair of gloves of dexterity (worn)
 D - the +1 helmet of the Hippo (worn) {Str+8}
   (You found it on level 6 of the Dungeon)

   It affects your strength (+8).
 N - a +0 cloak of invisibility (worn)
 Y - the +3 leather armour "Rycuec" (worn) {MR+}
   (You found it in a labyrinth)

   It affects your resistance to hostile enchantments.
Magical Staves
 x - an uncursed staff of conjuration
Jewellery
 y - a ring of protection from cold (left hand)
 z - a ring of protection from fire (right hand)
 A - a cursed ring of teleportation {unknown}
 W - an uncursed ring of magical power
 X - an uncursed ring of poison resistance {unknown}
Wands
 E - a wand of enslavement (36)
 F - a wand of iceblast (18)
 G - a wand of paralysis (6)
 K - a wand of digging (14)
 P - a wand of acid (9)
Scrolls
 e - 4 scrolls of enchant weapon
 g - 4 scrolls of blinking
 i - 3 scrolls of amnesia
 k - 3 scrolls of teleportation
 H - a scroll of enchant armour
 O - a scroll of fear
 Z - a scroll of fog {unknown}
Potions
 a - 3 potions of brilliance
 b - 2 potions of heal wounds
 f - a potion of haste
 n - a potion of flight
 o - a potion of resistance
 q - 2 potions of agility
 r - 2 potions of berserk rage
 t - a potion of might
 w - a potion of lignification
 B - a potion of mutation {unknown}
 M - a potion of magic
Books
 c - a book of Minor Magic

   Spells                             Type                      Level
   a - Magic Dart                     Conjuration                  1
   b - Blink                          Translocation                2
   c - Call Imp                       Summoning                    2
   d - Slow                           Hexes                        2
   e - Conjure Flame                  Conjuration/Fire             3
   f - Mephitic Cloud                 Conjuration/Poison/Air       3
 l - a book of Changes

   Spells                             Type                      Level
   a - Beastly Appendage              Transmutation                1
   b - Sticks to Snakes               Transmutation                2
   c - Spider Form                    Transmutation/Poison         3
   d - Ice Form                       Ice/Transmutation            4
   e - Blade Hands                    Transmutation                5
 L - a book of Debilitation

   Spells                             Type                      Level
   a - Corona                         Hexes                        1
   b - Slow                           Hexes                        2
   c - Inner Flame                    Hexes/Fire                   3
   d - Portal Projectile              Hexes/Translocation          3
   e - Cause Fear                     Hexes                        4
   f - Leda's Liquefaction            Hexes/Earth                  4
 S - a book of Transfigurations

   Spells                             Type                      Level
   a - Irradiate                      Conjuration/Transmutation    5
   b - Statue Form                    Transmutation/Earth          6
   c - Hydra Form                     Transmutation                6
   d - Dragon Form                    Transmutation                7
 T - the Grimoire of Conjuration
   (You found it in a labyrinth)

   Spells                             Type                      Level
   a - Fulminant Prism                Conjuration/Hexes            4
   b - Iskenderun's Mystic Blast      Conjuration                  4
   c - Iron Shot                      Conjuration/Earth            6
   d - Bolt of Cold                   Conjuration/Ice              6
 V - a book of Frost

   Spells                             Type                      Level
   a - Freeze                         Ice                          1
   b - Throw Frost                    Conjuration/Ice              2
   c - Ozocubu's Armour               Charms/Ice                   3
   d - Throw Icicle                   Conjuration/Ice              4
   e - Summon Ice Beast               Ice/Summoning                4
Miscellaneous
 Q - a lightning rod (4/4)
Comestibles
 d - 18 rations


   Skills:
 * Level 7.7 Fighting
 + Level 0.4 Short Blades
 + Level 5.8 Polearms
 + Level 0.5 Armour
 + Level 3.3 Dodging
 + Level 9.1 Stealth
 + Level 8.9 Spellcasting
 + Level 5.0 Conjurations
 * Level 3.5 Hexes
 - Level 3.0 Summonings
 - Level 3.2 Translocations
 - Level 4.2 Fire Magic
 - Level 2.0 Air Magic
 - Level 4.0 Poison Magic
 * Level 5.9 Invocations


You had 12 spell levels left.
You knew the following spells:

 Your Spells              Type           Power        Failure   Level  Hunger
a - Magic Dart            Conj           ####         1%          1    None
b - Call Imp              Summ           ####....     1%          2    None
c - Blink                 Tloc           N/A          1%          2    None
d - Conjure Flame         Conj/Fire      #####...     1%          3    None
e - Mephitic Cloud        Conj/Pois/Air  ####....     3%          3    None
f - Cause Fear            Hex            ####......   11%         4    None


Dungeon Overview and Level Annotations

Branches:
Dungeon (12/15)            Temple (1/1) D:7            Lair (1/6) D:8
    Orc (0/2) D:9

Altars:
Ashenzari
Cheibriados
Dithmenos
Elyvilon
Fedhas
Gozag
Hepliaklqana
Kikubaaqudgha
Makhleb
Nemelex Xobeh
Okawaru
Qazlal
Ru
Sif Muna
Trog
Uskayaw
Vehumet
Wu Jian
Xom
Yredelemnul
Zin
The Shining One

Shops:
D:8 *   D:10 !   D:11 [

Annotations:
Lair:1 exclusion: oklob plant


Innate Abilities, Weirdness & Mutations

You cannot wear boots.
Your serpentine skin is tough. (AC +3)
You have supernaturally acute eyesight. (SInv)
Armour fits poorly on your strangely shaped body.
Your system is resistant to poisons. (rPois)
You cover ground very slowly.
You have a slow metabolism.
You can spit poison.


Message History

Aiming: Magic Dart
Press: ? - help, Shift-Dir - straight line, f/p - komodo dragon
Aim: a komodo dragon (almost dead)
The magic dart hits the komodo dragon.
The komodo dragon is almost dead.
A porcupine comes into view.
Casting: Magic Dart
Confirm with . or Enter, or press ? or * to list all spells.
Aiming: Magic Dart
Press: ? - help, Shift-Dir - straight line, f/p - komodo dragon
Aim: a komodo dragon (almost dead)
The magic dart hits the komodo dragon.
The komodo dragon is almost dead.
The komodo dragon barely misses you.
You hit the komodo dragon but do no damage.
The komodo dragon is almost dead.
The komodo dragon bites you!
* * * LOW HITPOINT WARNING * * *
The komodo dragon bites you!!
You die...

.......... #.... #
......... #..[.##
#..⌠)...#### #...#. ##
#.§..# #..#.
#..+####.#%## #.#..
##...........### #....
#...##.........####...
##.P...l#........###...
#.r...@#####....#......
..$.....# ##.#.†.##...
...###### #..#.####.. .
###....## ##. #.....#.#
. #......## # #..###..#
....# #..## ....# ##..#


You could see a komodo dragon and a porcupine.

Vanquished Creatures
  A minotaur (Lab)
  Erolcha (D:10)
  A hydra (D:8)
  An unseen horror (D:10)
  Maurice (D:10)
  A gargoyle (D:11)
  2 komodo dragons
  A kobold demonologist (D:11)
  A troll (D:12)
  Prince Ribbit (D:5)
  2 dream sheep (D:8)
  2 hippogriffs (D:8)
  Sigmund (D:4)
  A wraith (D:10)
  A wyvern (D:9)
  Grum (D:8)
  5 yaks
  Edmund (D:4)
  A basilisk (shapeshifter) (D:11)
  4 water moccasins (Lair:1)
  3 ice beasts
  A sky beast (D:11)
  A black bear (D:3)
  3 orc warriors
  A necrophage (D:6)
  2 phantoms
  4 ogres
  4 wolves (D:8)
  7 centaurs
  2 crocodiles
  4 big kobolds
  7 bullfrogs
  3 scorpions
  6 wights
  7 howler monkeys
  A centaur zombie (D:10)
  3 crimson imps
  A quasit (D:8)
  3 hounds
  A jelly (D:8)
  A bullfrog zombie (D:9)
  7 orc priests
  3 centaur skeletons
  2 bullfrog skeletons
  5 iguanas
  9 orc wizards
  9 worker ants
  3 worker ant zombies
  10 adders
  4 gnolls
  2 shadow imps
  An adder zombie (D:7)
  2 worms (D:2)
  A dart slug (D:1)
  9 leopard geckos
  43 orcs
  2 ball pythons
  4 giant cockroaches
  8 goblins
  12 hobgoblins
  8 jackals
  3 quokkas
  4 bats
  2 frilled lizards
  10 kobolds
  2 rats
260 creatures vanquished.

Vanquished Creatures (collateral kills)
  An ogre (D:6)
  2 crimson imps (D:5)
  A jelly (D:6)
  A centaur skeleton (D:4)
  An iguana (D:8)
  3 adders
  A shadow imp (D:7)
  An orc (D:6)
11 creatures vanquished.

Vanquished Creatures (others)
  2 fungi (Lair:1)
  16 plants
18 creatures vanquished.

Grand Total: 289 creatures vanquished

Notes
Turn   | Place    | Note
-------+----------+-------------------------------------------
     0 | D:1      | Ratmanking the Naga Wizard began the quest for the Orb.
     0 | D:1      | Reached XP level 1. HP: 15/15 MP: 4/4
   130 | D:1      | Reached XP level 2. HP: 22/22 MP: 0/6
   161 | D:1      | Learned a level 2 spell: Call Imp
   164 | D:1      | Learned a level 2 spell: Blink
   340 | D:1      | Found a shattered altar of Ashenzari.
   368 | D:1      | Reached XP level 3. HP: 25/30 MP: 1/8
  1079 | D:2      | Reached skill level 1 in Fighting
  1172 | D:2      | Reached XP level 4. HP: 38/38 MP: 6/9
  1282 | D:2      | Reached XP level 5. HP: 44/44 MP: 9/11
  1560 | D:2      | Found a hazy altar of Hepliaklqana.
  2192 | D:3      | Learned a level 3 spell: Conjure Flame
  2196 | D:3      | Learned a level 3 spell: Mephitic Cloud
  2544 | D:3      | Found a shadowy altar of Dithmenos.
  2567 | D:3      | Noticed a black bear
  2578 | D:3      | Reached XP level 6. HP: 19/52 MP: 8/12
  2594 | D:3      | Killed a black bear
  3018 | D:4      | Noticed Edmund
  3033 | D:4      | Killed Edmund
  3033 | D:4      | Reached XP level 7. HP: 38/61 MP: 1/14
  3831 | D:4      | Noticed Sigmund
  3896 | D:4      | Killed Sigmund
  3896 | D:4      | Reached skill level 4 in Stealth
  3896 | D:4      | Reached skill level 5 in Spellcasting
  4069 | D:5      | Entered Level 5 of the Dungeon
  4295 | D:5      | Noticed Prince Ribbit
  4345 | D:5      | Killed Prince Ribbit
  4345 | D:5      | Reached XP level 8. HP: 66/69 MP: 1/16
  4538 | D:5      | Found a sacrificial altar of Ru.
  4786 | D:6      | Found a sparkling altar of Nemelex Xobeh.
  4809 | D:6      | Reached skill level 1 in Polearms
  4921 | D:6      | Reached skill level 1 in Fire Magic
  4921 | D:6      | Reached skill level 1 in Air Magic
  4921 | D:6      | Reached skill level 1 in Poison Magic
  5329 | D:6      | Got an encrusted helmet
  5333 | D:6      | Identified the +1 helmet of the Hippo {Str+8} (You found it on level 6 of the Dungeon)
  5523 | D:6      | Found a stormy altar of Qazlal.
  6872 | D:7      | Reached skill level 5 in Stealth
  7004 | D:7      | Reached XP level 9. HP: 79/79 MP: 8/18
  7164 | D:7      | Found a white marble altar of Elyvilon.
  7339 | D:7      | Found a staircase to the Ecumenical Temple.
  7361 | Temple   | Entered the Ecumenical Temple
  7419 | Temple   | Became a worshipper of Cheibriados the Contemplative
  8044 | D:8      | Reached skill level 1 in Invocations
  8092 | D:8      | Reached skill level 5 in Fighting
  8217 | D:8      | Reached * piety under Cheibriados
  8275 | D:8      | Reached skill level 6 in Stealth
  8669 | D:8      | Noticed a komodo dragon
  8676 | D:8      | Killed a komodo dragon
  8676 | D:8      | Reached XP level 10. HP: 48/91 MP: 15/22
  8943 | D:8      | Found a staircase to the Lair.
  9044 | D:8      | Noticed Grum
  9055 | D:8      | Killed Grum
  9055 | D:8      | Reached ** piety under Cheibriados
  9528 | D:8      | Noticed a three-headed hydra
  9549 | D:8      | Killed a four-headed hydra
  9953 | D:8      | Found an opulent altar of Gozag.
  9957 | D:8      | Found Gozag's Platinum Reserve.
 10749 | D:9      | Reached *** piety under Cheibriados
 10894 | D:9      | Found a staircase to the Orcish Mines.
 11066 | D:9      | Found a shimmering altar of Xom.
 11090 | D:9      | Found a deep blue altar of Sif Muna.
 11090 | D:9      | Found a burning altar of Makhleb.
 11099 | D:9      | Reached skill level 7 in Stealth
 11590 | D:9      | Learned a level 4 spell: Cause Fear
 11641 | D:10     | Entered Level 10 of the Dungeon
 11650 | D:10     | Noticed Maurice
 11672 | D:10     | Killed Maurice
 11672 | D:10     | Reached XP level 11. HP: 73/100 MP: 18/23
 11790 | D:10     | Noticed an unseen horror
 11807 | D:10     | Killed an unseen horror
 11807 | D:10     | Reached skill level 1 in Hexes
 11901 | D:10     | Noticed Erolcha
 12224 | D:10     | Found Vyboclis's Distillery.
 12230 | D:10     | Bought a potion of lignification for 51 gold pieces
 12230 | D:10     | Bought a potion of curing for 51 gold pieces
 12230 | D:10     | Bought a potion of magic for 136 gold pieces
 12515 | D:10     | Reached **** piety under Cheibriados
 12515 | D:10     | Reached skill level 5 in Invocations
 12609 | D:10     | Reached skill level 8 in Stealth
 13125 | D:10     | Killed Erolcha
 13125 | D:10     | Reached skill level 5 in Polearms
 13167 | D:10     | You fall through a shaft for 2 floors!
 13259 | D:12     | Reached ***** piety under Cheibriados
 13280 | D:12     | Found a labyrinth entrance.
 13308 | Lab      | Entered a labyrinth
 13625 | Lab      | Noticed a minotaur
 13636 | Lab      | Killed a minotaur
 13676 | Lab      | Got an ancient scale mail
 13689 | Lab      | Identified the Grimoire of Conjuration
 13691 | Lab      | Got a spiked leather armour
 13694 | Lab      | Identified the +3 leather armour "Rycuec" {MR+} (You found it in a labyrinth)
 13874 | D:11     | Reached skill level 5 in Conjurations
 14082 | D:11     | Got a ruby-studded scale mail
 14648 | D:11     | Found Fidd's Antique Armour Shop.
 14947 | Lair:1   | Entered Level 1 of the Lair of Beasts
 14970 | Lair:1   | Reached skill level 9 in Stealth
 15011 | Lair:1   | Noticed an oklob plant
 15074 | Lair:1   | HP: 4/102 [komodo dragon (17)]
 15074 | Lair:1   | Demolished by a komodo dragon

Skill      XL: |  1  2  3  4  5  6  7  8  9 10 11 |
---------------+----------------------------------+-----
Fighting       | 1 2 3 4 5 7 |  7.7
Spellcasting   | 4 5 6 8 |  8.9
Translocations | 2 3 |  3.2
Summonings     | 2 3 |  3.0
Conjurations   | 2 3 4 5 |  5.0
Stealth        | 4 5 6 7 9 |  9.1
Polearms       | 1 4 5 |  5.8
Fire Magic     | 2 3 4 |  4.2
Air Magic      | 2 |  2.0
Poison Magic   | 3 4 |  4.0
Invocations    | 3 4 5 |  5.9
Dodging        | 2 3 |  3.3
Hexes          | 3 |  3.5
Short Blades   | |  0.4
Armour         | |  0.5

Action                   |  1- 3 |  4- 6 |  7- 9 | 10-12 || total
-------------------------+-------+-------+-------+-------++-------
Melee: Unarmed           |     8 |       |       |       ||     8
       Dagger            |    13 |    36 |     1 |       ||    50
       Scythe            |       |       |   200 |   352 ||   552
       Staff             |       |       |     1 |       ||     1
 Cast: Magic Dart        |    55 |    83 |   146 |   129 ||   413
       Mephitic Cloud    |       |     3 |    17 |    23 ||    43
       Call Imp          |       |     2 |    37 |     8 ||    47
       Conjure Flame     |       |     3 |    20 |    11 ||    34
       Blink             |       |       |     6 |    21 ||    27
Invok: Slouch            |       |       |       |     2 ||     2
 Abil: Spit Poison       |    14 |    28 |    15 |    13 ||    70
Evoke: Wand              |       |       |       |     2 ||     2
  Use: Scroll            |       |     7 |     5 |    14 ||    26
       Potion            |       |       |     2 |     7 ||     9
 Stab: Sleeping          |       |     1 |     5 |    10 ||    16
       Confused          |       |     1 |     7 |    30 ||    38
       Distracted        |       |       |     1 |     4 ||     5
  Eat: Chunk             |       |     7 |     7 |     2 ||    16
       Ration            |       |       |     3 |     3 ||     6
Armor: Robe              |     4 |    17 |   219 |   128 ||   368
       Leather armour    |       |       |       |    65 ||    65
       Skin              |       |       |       |     5 ||     5
Dodge: Dodged            |    29 |    48 |   237 |   239 ||   553
